3AAA
SCRANTON SUPERNOVAS @ ALASKAN HUMPBACKS
07/01/2024
 
TOP OF THE 1ST
Scranton Supernovas batting - Pitching for Alaskan Humpbacks : RHP Quintiliano Seixal
Pitching: RHP Quintiliano Seixal
Batting: RHB Keith MacKey 0-0: Ball
1-0: Foul Ball, location: 2F
1-1: DOUBLE (Line Drive, 7LM)
Batting: SHB Alonso Solís 0-0: Called Strike
Throwing error on steal attempt, E2
Keith MacKey scores
0-1: Ball
1-1: Swinging Strike
1-2: Ground out 4-3 (Groundball, 4)
Batting: RHB Ethan Stanford 0-0: Swinging Strike
0-1: Ball
1-1: Foul Ball, location: 2F
1-2: Ball
2-2: Ball
3-2: Strikes out looking
Batting: RHB Martín Álvarez 0-0: Foul Ball, location: 2F
0-1: Ball
1-1: Swinging Strike
1-2: Strikes out looking
Top of the 1st over - 1 run(s), 1 hit(s), 1 error(s), 0 left on base; Scranton 1 - Alaskan 0
BOTTOM OF THE 1ST
Alaskan Humpbacks batting - Pitching for Scranton Supernovas : RHP Pedro Rodríguez
Pitching: RHP Pedro Rodríguez
Batting: LHB Gerald Holloway 0-0: Foul Ball, location: 2F
0-1: Called Strike
0-2: Ball
1-2: Strikes out looking
Batting: RHB Ernie McPherson 0-0: Called Strike
0-1: Ball
1-1: Fly out, F9 (Flyball, 9LM)
Batting: RHB Mal Bussard 0-0: Ball
1-0: Fly out, F9 (Flyball, 89S)
Bottom of the 1st over - 0 run(s), 0 hit(s), 0 error(s), 0 left on base; Scranton 1 - Alaskan 0
TOP OF THE 2ND
Scranton Supernovas batting - Pitching for Alaskan Humpbacks : RHP Quintiliano Seixal
Batting: RHB Brad Jacobson 0-0: Ball
1-0: Called Strike
1-1: Foul Ball, location: 2F
1-2: Strikes out swinging
Batting: LHB Francisco Ortega 0-0: Called Strike
0-1: Called Strike
0-2: Ball
1-2: Ball
2-2: Fly out, F8 (Flyball, 8LM)
Batting: RHB Henrique Shearman 0-0: Ball
1-0: Ball
2-0: SINGLE (Line Drive, 9S)
Batting: LHB Neal Hart 0-0: Fly out, F9 (Flyball, 9D)
Top of the 2nd over - 0 run(s), 1 hit(s), 0 error(s), 1 left on base; Scranton 1 - Alaskan 0
BOTTOM OF THE 2ND
Alaskan Humpbacks batting - Pitching for Scranton Supernovas : RHP Pedro Rodríguez
Batting: RHB Rodrigo Lugo 0-0: Ball
1-0: Ball
2-0: Ball
3-0: Called Strike
3-1: Foul Ball, location: 2F
3-2: SINGLE (Line Drive, 8LS)
Batting: SHB Tony Martínez 0-0: Fly out, F8 (Line Drive, 8LS)
Batting: RHB Dave O'Day 0-0: Ball
1-0: Grounds into double play, 6-4-3 (Groundball, 6)
Bottom of the 2nd over - 0 run(s), 1 hit(s), 0 error(s), 0 left on base; Scranton 1 - Alaskan 0
TOP OF THE 3RD
Scranton Supernovas batting - Pitching for Alaskan Humpbacks : RHP Quintiliano Seixal
Batting: RHB Chris Henderson 0-0: Ball
1-0: SINGLE (Line Drive, 4D)
Batting: RHB Keith MacKey 0-0: Ball
1-0: Foul Ball, location: 2F
1-1: Called Strike
1-2: Foul Ball, location: 2F
1-2: Strikes out looking
Batting: SHB Alonso Solís 0-0: Called Strike
0-1: Ball
1-1: Swinging Strike
1-2: Foul Ball, location: 2F
1-2: Ball
2-2: Strikes out swinging
Batting: RHB Ethan Stanford 0-0: Ball
1-0: Ball
2-0: Ground out 1-3 (Groundball, 15S)
Top of the 3rd over - 0 run(s), 1 hit(s), 0 error(s), 1 left on base; Scranton 1 - Alaskan 0
BOTTOM OF THE 3RD
Alaskan Humpbacks batting - Pitching for Scranton Supernovas : RHP Pedro Rodríguez
Batting: RHB Fernando Camacho 0-0: Called Strike
0-1: Ball
1-1: Ball
2-1: Ball
3-1: Foul Ball, location: 2F
3-2: Ground out 4-3 (Groundball, 4M)
Batting: RHB Michael Collins 0-0: Ball
1-0: Ball
2-0: Foul Ball, location: 2F
2-1: Foul Ball, location: 2F
2-2: Ball
3-2: Strikes out swinging
Batting: RHB Thomas Vaughan 0-0: Called Strike
0-1: Foul Ball, location: 2F
0-2: Fly out, F6 (Popup, 15)
Bottom of the 3rd over - 0 run(s), 0 hit(s), 0 error(s), 0 left on base; Scranton 1 - Alaskan 0
TOP OF THE 4TH
Scranton Supernovas batting - Pitching for Alaskan Humpbacks : RHP Quintiliano Seixal
Batting: RHB Martín Álvarez 0-0: Called Strike
0-1: Ball
1-1: Foul Ball, location: 2F
1-2: Ball
2-2: Foul Ball, location: 2F
2-2: Foul Ball, location: 2F
2-2: Foul Ball, location: 2F
2-2: SOLO HOME RUN (Flyball, 8LXD), Distance : 439 ft
Batting: RHB Brad Jacobson 0-0: Ball
1-0: Called Strike
1-1: Ball
2-1: Foul Ball, location: 2F
2-2: Ball
3-2: Foul Ball, location: 2F
3-2: Foul Ball, location: 2F
3-2: Foul Ball, location: 2F
3-2: Foul Ball, location: 2F
3-2: Base on Balls
Batting: LHB Francisco Ortega 0-0: Called Strike
0-1: SINGLE (Line Drive, 34)
Brad Jacobson to second
Batting: RHB Henrique Shearman 0-0: Ball
1-0: Ball
2-0: SINGLE (Groundball, 4MD)
Brad Jacobson to third
Francisco Ortega to second
Batting: LHB Neal Hart 0-0: Foul Ball, location: 2F
0-1: Swinging Strike
0-2: Strikes out swinging
Batting: RHB Chris Henderson 0-0: Called Strike
0-1: Called Strike
0-2: SINGLE (Flyball, 8LS)
Brad Jacobson scores
Francisco Ortega to third
Henrique Shearman to second
Runner from 3rd tries for Home, SAFE, no throw or cutoff
Batting: RHB Keith MacKey 0-0: Swinging Strike
0-1: Swinging Strike
0-2: Foul Ball, location: 2F
0-2: Foul Ball, location: 2F
0-2: Strikes out looking
Batting: SHB Alonso Solís 0-0: Ball
1-0: Called Strike
1-1: Called Strike
1-2: Strikes out swinging
Top of the 4th over - 3 run(s), 4 hit(s), 0 error(s), 2 left on base; Scranton 4 - Alaskan 0
BOTTOM OF THE 4TH
Alaskan Humpbacks batting - Pitching for Scranton Supernovas : RHP Pedro Rodríguez
Batting: LHB Gerald Holloway 0-0: Ground out 6-3 (Groundball, 6M)
Batting: RHB Ernie McPherson 0-0: Foul Ball, location: 2F
0-1: Ball
1-1: Foul Ball, location: 2F
1-2: Ball
2-2: Ball
3-2: Foul Ball, location: 2F
3-2: Strikes out swinging
Batting: RHB Mal Bussard 0-0: Called Strike
0-1: Ball
1-1: Ball
2-1: Ball
3-1: Swinging Strike
3-2: Foul Ball, location: 2F
3-2: Strikes out swinging
Bottom of the 4th over - 0 run(s), 0 hit(s), 0 error(s), 0 left on base; Scranton 4 - Alaskan 0
TOP OF THE 5TH
Scranton Supernovas batting - Pitching for Alaskan Humpbacks : RHP Quintiliano Seixal
Batting: RHB Ethan Stanford 0-0: Ball
1-0: Ball
2-0: Swinging Strike
2-1: Foul Ball, location: 2F
2-2: Foul Ball, location: 2F
2-2: Ball
3-2: Ground out 6-3 (Groundball, 6)
Pitching: RHP Jim Unknown
Batting: RHB Martín Álvarez 0-0: Called Strike
0-1: Fly out, F3 (Popup, 3F)
Batting: RHB Brad Jacobson 0-0: Fly out, F3 (Popup, 3S)
Top of the 5th over - 0 run(s), 0 hit(s), 0 error(s), 0 left on base; Scranton 4 - Alaskan 0
BOTTOM OF THE 5TH
Alaskan Humpbacks batting - Pitching for Scranton Supernovas : RHP Pedro Rodríguez
Batting: RHB Rodrigo Lugo 0-0: Ball
1-0: Fly out, F7 (Line Drive, 7M)
Batting: SHB Tony Martínez 0-0: TRIPLE (Flyball, 78D)
Batting: RHB Dave O'Day 0-0: Ball
1-0: Called Strike
1-1: Fly out, F6 (Line Drive, 6)
Batting: RHB Fernando Camacho 0-0: Foul Ball, location: 2F
0-1: Ball
1-1: Ball
2-1: Ball
3-1: Fly out, F8 (Flyball, 8LM)
Bottom of the 5th over - 0 run(s), 1 hit(s), 0 error(s), 1 left on base; Scranton 4 - Alaskan 0
TOP OF THE 6TH
Scranton Supernovas batting - Pitching for Alaskan Humpbacks : RHP Jim Unknown
Batting: LHB Francisco Ortega 0-0: Swinging Strike
0-1: Ball
1-1: Fly out, F8 (Flyball, 8LM)
Batting: RHB Henrique Shearman 0-0: SINGLE (Groundball, 56D)
Batting: LHB Neal Hart 0-0: Swinging Strike
0-1: Ball
1-1: Ball
Wild Pitch!
Henrique Shearman to second
2-1: Intentional Walk
Batting: RHB Chris Henderson 0-0: Swinging Strike
0-1: Foul Ball, location: 2F
0-2: SINGLE (Groundball, 5D)
Henrique Shearman to third
Neal Hart to second
Batting: RHB Keith MacKey 0-0: Called Strike
0-1: Ball
1-1: SINGLE (Line Drive, 7S)
Henrique Shearman scores
Neal Hart to third
Chris Henderson to second
Batting: SHB Alonso Solís 0-0: Fielders Choice at 2nd, 5-4 (Groundball, 5)
Neal Hart scores
Chris Henderson to third
Batting: RHB Ethan Stanford 0-0: Swinging Strike
0-1: Fly out, F8 (Flyball, 78M)
Top of the 6th over - 2 run(s), 3 hit(s), 0 error(s), 2 left on base; Scranton 6 - Alaskan 0
BOTTOM OF THE 6TH
Alaskan Humpbacks batting - Pitching for Scranton Supernovas : RHP Pedro Rodríguez
Batting: RHB Michael Collins 0-0: Foul Ball, location: 2F
0-1: Ground out 6-3 (Groundball, 6M)
Batting: RHB Thomas Vaughan 0-0: Ball
1-0: Foul Ball, location: 2F
1-1: Foul Ball, location: 2F
1-2: Strikes out swinging, 2-3 out at first.
Batting: LHB Gerald Holloway 0-0: Ball
1-0: Foul Ball, location: 2F
1-1: Ball
2-1: Ball
3-1: Foul Ball, location: 2F
3-2: Foul Ball, location: 2F
3-2: Strikes out looking
Bottom of the 6th over - 0 run(s), 0 hit(s), 0 error(s), 0 left on base; Scranton 6 - Alaskan 0
TOP OF THE 7TH
Scranton Supernovas batting - Pitching for Alaskan Humpbacks : RHP Jim Unknown
Batting: RHB Martín Álvarez 0-0: Ball
1-0: Foul Ball, location: 2F
1-1: Swinging Strike
1-2: Foul Ball, location: 2F
1-2: Ball
2-2: Strikes out swinging
Batting: RHB Brad Jacobson 0-0: Foul Ball, location: 2F
0-1: Ball
1-1: Ball
2-1: Ground out 5-3 (Groundball, 5)
Batting: LHB Francisco Ortega 0-0: Ball
1-0: Fly out, F8 (Flyball, 8LM)
Top of the 7th over - 0 run(s), 0 hit(s), 0 error(s), 0 left on base; Scranton 6 - Alaskan 0
BOTTOM OF THE 7TH
Alaskan Humpbacks batting - Pitching for Scranton Supernovas : RHP Pedro Rodríguez
Batting: RHB Ernie McPherson 0-0: Swinging Strike
0-1: Ball
1-1: Bunted foul
1-2: Ball
2-2: Foul Ball, location: 2F
2-2: Foul Ball, location: 2F
2-2: Foul Ball, location: 2F
2-2: Ground out 6-3 (Groundball, 6M)
Batting: RHB Mal Bussard 0-0: Called Strike
0-1: Ball
1-1: Foul Ball, location: 2F
1-2: Foul Ball, location: 2F
1-2: Strikes out swinging
Batting: RHB Rodrigo Lugo 0-0: Called Strike
0-1: Swinging Strike
0-2: Ball
1-2: Foul Ball, location: 2F
1-2: Ball
2-2: Strikes out swinging
Bottom of the 7th over - 0 run(s), 0 hit(s), 0 error(s), 0 left on base; Scranton 6 - Alaskan 0
TOP OF THE 8TH
Scranton Supernovas batting - Pitching for Alaskan Humpbacks : RHP Jim Unknown
Batting: RHB Henrique Shearman 0-0: Ball
1-0: Ground out 6-3 (Groundball, 6)
Batting: LHB Neal Hart 0-0: Ball
1-0: Ground out 6-3 (Groundball, 6M)
Batting: RHB Chris Henderson 0-0: Called Strike
0-1: Ball
1-1: Ball
2-1: Ball
3-1: Foul Ball, location: 2F
3-2: DOUBLE (Line Drive, 7LS)
Batting: RHB Keith MacKey 0-0: Ball
1-0: Ball
2-0: Ball
3-0: Called Strike
3-1: Foul Ball, location: 2F
3-2: Foul Ball, location: 2F
3-2: Foul Ball, location: 2F
3-2: Base on Balls
Batting: SHB Alonso Solís 0-0: Fielders Choice at 2nd, 6-4 (Groundball, 6)
Top of the 8th over - 0 run(s), 1 hit(s), 0 error(s), 1 left on base; Scranton 6 - Alaskan 0
BOTTOM OF THE 8TH
Alaskan Humpbacks batting - Pitching for Scranton Supernovas : RHP Pedro Rodríguez
Now at 2B: Neil Nash
Batting: SHB Tony Martínez 0-0: Foul Ball, location: 2F
0-1: Swinging Strike
0-2: Strikes out swinging
Pitching: LHP Miguel Canó
Batting: RHB Dave O'Day 0-0: Ball
1-0: Ball
2-0: Called Strike
2-1: Ball
3-1: Called Strike
3-2: Ground out 1-3 (Groundball, 23)
Batting: RHB Fernando Camacho 0-0: Ball
1-0: Swinging Strike
1-1: Ball
2-1: Called Strike
2-2: Ball
3-2: Foul Ball, location: 2F
3-2: Foul Ball, location: 2F
3-2: Foul Ball, location: 2F
3-2: Foul Ball, location: 2F
3-2: Strikes out swinging
Bottom of the 8th over - 0 run(s), 0 hit(s), 0 error(s), 0 left on base; Scranton 6 - Alaskan 0
TOP OF THE 9TH
Scranton Supernovas batting - Pitching for Alaskan Humpbacks : RHP Jim Unknown
Pitching: RHP Jim Unknown
Batting: RHB Ethan Stanford 0-0: Foul Ball, location: 2F
0-1: Foul Ball, location: 2F
0-2: Ground out 1-3 (Groundball, 13)
Batting: RHB Martín Álvarez 0-0: Ball
1-0: Foul Ball, location: 2F
1-1: Ground out 4-3 (Groundball, 4)
Batting: RHB Brad Jacobson 0-0: Ball
1-0: Foul Ball, location: 2F
1-1: Foul Ball, location: 2F
1-2: Ground out 4-3 (Groundball, 4)
Top of the 9th over - 0 run(s), 0 hit(s), 0 error(s), 0 left on base; Scranton 6 - Alaskan 0
BOTTOM OF THE 9TH
Alaskan Humpbacks batting - Pitching for Scranton Supernovas : LHP Miguel Canó
Now at C: Steven Johnson
Now in LF: Mark Evans
Batting: RHB Michael Collins 0-0: Ball
1-0: Ball
2-0: Ground out 4-3 (Groundball, 4)
Batting: RHB Thomas Vaughan 0-0: Called Strike
0-1: Called Strike
0-2: Strikes out swinging
Batting: LHB Gerald Holloway 0-0: Called Strike
0-1: Ball
1-1: SINGLE (Line Drive, 9S)
Batting: RHB Ernie McPherson 0-0: Ball
1-0: Called Strike
1-1: Ball
2-1: Called Strike
Balk!
Gerald Holloway to second
2-2: Foul Ball, location: 2F
2-2: Ball
3-2: Base on Balls
Batting: RHB Mal Bussard 0-0: Ball
1-0: Ball
2-0: Ball
3-0: Called Strike
3-1: Base on Balls
Gerald Holloway to third
Ernie McPherson to second
Batting: RHB Rodrigo Lugo 0-0: Called Strike
0-1: Fly out, F8 (Flyball, 8LXD)
Bottom of the 9th over - 0 run(s), 1 hit(s), 0 error(s), 3 left on base; Scranton 6 - Alaskan 0
This league is powered by Out of the Park Baseball, the baseball management simulation game for PC, Mac and Linux
Monday, October 3rd, 2016 - OOTP Baseball 16.9 Build 39